 Dungeon Crawl Stone Soup version 0.31-a0-246-g8cbcc1cb85 (webtiles) character file.

Game seed: 2935513874741486000

371513 Shard1697 the Cloud Mage (level 21, -3/173 HPs)
             Began as a White Draconian Conjurer on July 12, 2023.
             Was a High Priest of Sif Muna.
             Slain by Asterion
             ... wielding a +1 spectral demon blade
              (27 damage)
             ... on level 4 of the Vaults.
             The game lasted 03:20:13 (63311 turns).

Shard1697 the Cloud Mage (DrCj)                    Turns: 63311, Time: 03:20:14

Health: -3/173     AC: 20    Str: 24    XL:     21   Next: 70%
Magic:  21/37      EV: 18    Int: 33    God:    Sif Muna [*****.]
Gold:   3782       SH: 14    Dex: 16    Spells: 8/45 levels left

rFire   + . .        a - +9 demon trident (drain)
rCold   + . .        T - +3 buckler
rNeg    + . .        (body armour unavailable)
rPois   .            U - +2 hat
rElec   .            c - +2 cloak of Puhuogisya {+Blink rCorr}
rCorr   +            B - -1 pair of gloves of the Raven {Str+6 Int+5}
SInv    .            t - +3 pair of seven-league boots {Rampage+∞}
Will    ++...        u - amulet of reflection
Stlth   ++++         W - ring "Qahoarr" {rF+ Int+3 Dex+2}
HPRegen 0.48/turn    L - ring of Moderation {Fly rN+ Str+5 Dex+3}
MPRegen 0.25/turn

%: reflection, rampage+∞
@: about to teleport, flying, studying 2 skills
A: breathe frost, AC +11, unfitting armour, cold resistance 1, cold-blooded,
claws 1, hooves 1, strong-willed 1
}: 2/15 runes: decaying, gossamer
a: Breathe Frost, Renounce Religion, Evoke Blink, Channel Magic, Forget Spell,
Divine Exegesis


You were on level 4 of the Vaults.
You worshipped Sif Muna.
Sif Muna was extremely pleased with you.
You visited 9 branches of the dungeon, and saw 39 of its levels.
You visited 1 bazaar.
You also visited: Gauntlet, Ice Cave and Volcano.

You collected 4708 gold pieces.
You spent 926 gold pieces at shops.

Inventory:

Hand Weapons
 a - a +9 demon trident of draining (weapon)
Armour
 c - the +2 cloak of Puhuogisya (worn) {+Blink rCorr}
   (You found it in a Gauntlet)

   +Blink:    It lets you blink.
   rCorr:     It protects you from acid and corrosion.
 t - the +3 pair of seven-league boots (worn) {Rampage+∞}
   (You found it on level 3 of the Dungeon)

   Rampage+∞: When moving toward enemies, its wearer moves as far as possible,
   alerting their target en route.
 B - the -1 pair of gloves of the Raven (worn) {Str+6 Int+5}
   (You found it on level 4 of the Dungeon)

   Str:       It affects your strength (+6).
   Int:       It affects your intelligence (+5).
 O - the crystal ball of Wucad Mu {*channel}
   (You found it on level 4 of the Swamp)

   *Channel:  It often returns the magic spent to cast spells, but lowers their
   success rate.
   It always returns the magic spent on miscasts.
 T - a +3 buckler (worn)
 U - a +2 hat (worn)
Magical Staves
 b - a staff of conjuration
 n - a staff of cold
Jewellery
 h - a ring of see invisible
 r - an amulet of faith
 u - an amulet of reflection (around neck)
 w - a +4 ring of protection
 y - a ring of protection from fire
 z - a ring of protection from cold
 E - the amulet "Saen" {RegenMP Regen+ Dex-5 Stlth+}
   (You found it on level 3 of the Elven Halls)

   [amulet of magic regeneration]

   It increases your rate of magic regeneration.
   Dex:       It affects your dexterity (-5).
   Regen:     It increases your rate of health regeneration.
   Stlth:     It makes you more stealthy.
 L - the ring of Moderation (right hand) {Fly rN+ Str+5 Dex+3}
   (You found it on level 1 of the Vaults)

   [ring of flight]

   Str:       It affects your strength (+5).
   Dex:       It affects your dexterity (+3).
   rN:        It protects you from negative energy.
   Fly:       It grants you flight.
 W - the ring "Qahoarr" (left hand) {rF+ Int+3 Dex+2}
   (You acquired it on level 12 of the Dungeon)

   [ring of protection from fire]

   Int:       It affects your intelligence (+3).
   Dex:       It affects your dexterity (+2).
   rF:        It protects you from fire.
 X - a +5 ring of evasion
 Y - an amulet of regeneration
Wands
 k - a wand of digging (23)
 v - a wand of paralysis (28)
 G - a wand of light (38)
 I - a wand of iceblast (17)
 N - a wand of mindburst (10)
Scrolls
 l - 6 scrolls of silence
 p - 4 scrolls of enchant weapon
 s - 3 scrolls of amnesia
 x - 4 scrolls of enchant armour
 C - a scroll of brand weapon
 D - 7 scrolls of immolation
 J - 6 scrolls of teleportation
 K - 3 scrolls of vulnerability
 P - 4 scrolls of poison
 R - 6 scrolls of fog
 S - 3 scrolls of blinking
 Z - 2 scrolls of summoning
Potions
 d - 2 potions of might
 g - 3 potions of cancellation
 i - 5 potions of lignification
 j - 10 potions of brilliance
 o - 4 potions of resistance
 q - 5 potions of attraction
 A - 4 potions of haste
 F - 11 potions of ambrosia
 H - a potion of enlightenment
 M - 2 potions of invisibility
 Q - 7 potions of mutation
Miscellaneous
 f - a phantom mirror
 m - a lightning rod (4/4)
 V - a phial of floods


   Skills:
 + Level 11.9 Fighting
 - Level 14.7 Polearms
 + Level 11.4 Dodging
 - Level 10.0 Stealth
 + Level 7.4 Shields
 + Level 12.8 Spellcasting
 - Level 15.0 Conjurations
 - Level 4.9 Hexes
 - Level 3.2 Translocations
 - Level 5.8 Ice Magic
 - Level 22.7 Air Magic
 - Level 13.1 Invocations


You had 8 spell levels left.
You knew the following spells:

 Your Spells              Type           Power      Damage    Failure   Level
a - Magic Dart            Conj           100%       1d8       0%          1
d - Iskenderun's Battles  Conj           88%        2d14      1%          5
e - Arcjolt               Conj/Air       49%        1d59      1%          5
f - Airstrike             Air            53%        2d(8-24)  0%          4
g - Freezing Cloud        Conj/Ice/Air   43%        6-21      1%          5
h - Blink                 Tloc           84%        N/A       1%          2
r - Maxwell's Capacitive  Air            53%        ∞         1%          8
y - Orb of Destruction    Conj           44%        9d12      4%          7

Your spell library contained the following spells:

 Spells                   Type           Power      Damage    Failure   Level
 Shock                    Conj/Air       100%       1d9       0%          1
 Searing Ray              Conj           100%       2d8       0%          2
 Static Discharge         Conj/Air       100%       2-7/arc   0%          2
 Swiftness                Air            100%       N/A       0%          3
 Apportation              Tloc           84%        N/A       1%          1
 Foxfire                  Conj/Fire      100%       2x1d9     1%          1
 Freeze                   Ice            100%       1d10      1%          1
 Kiss of Death            Conj/Necr      100%       2d13      1%          1
 Slow                     Hex            100%       N/A       1%          1
 Cigotuvi's Dreadful Rot  Necr/Pois/Air  100%       N/A       1%          2
 Ensorcelled Hibernation  Hex/Ice        100%       N/A       1%          2
 Lesser Beckoning         Tloc           84%        N/A       1%          2
 Momentum Strike          Conj/Tloc      100%       3d10      1%          2
 Poisonous Vapours        Pois/Air       100%       N/A       1%          2
 Confusing Touch          Hex            52%        N/A       1%          3
 Dazzling Flash           Conj/Hex       100%       N/A       1%          3
 Frozen Ramparts          Ice            100%       1d16      1%          3
 Gell's Gravitas          Tloc           42%        N/A       1%          3
 Hailstorm                Conj/Ice       74%        3d15      1%          3
 Mephitic Cloud           Conj/Pois/Air  81%        N/A       1%          3
 Ozocubu's Armour         Ice            56%        N/A       1%          3
 Stone Arrow              Conj/Erth      100%       3d13      1%          3
 Teleport Other           Tloc           42%        N/A       1%          3
 Tukima's Dance           Hex            52%        N/A       1%          3
 Vhi's Electric Charge    Tloc/Air       100%       N/A       1%          3
 Flame Wave               Conj/Fire      63%        2d15      1%          4
 Fulminant Prism          Conj/Hex       36%        3d18      1%          4
 Iskenderun's Mystic Bla  Conj/Tloc      69%        2d14      1%          4
 Sticky Flame             Conj/Fire      63%        2d8       1%          4
 Summon Lightning Spire   Summ/Air       77%        N/A       1%          4
 Silence                  Hex/Air        42%        N/A       1%          5
 Conjure Ball Lightning   Conj/Air       49%        3x3d17    1%          6
 Necrotise                Necr           84%        1d8       2%          1
 Sandblast                Erth           42%        2d11      2%          1
 Sting                    Tmut/Pois      84%        1d7       2%          1
 Summon Small Mammal      Summ           84%        N/A       2%          1
 Inner Flame              Hex/Fire       37%        N/A       2%          3
 Summon Guardian Golem    Hex/Summ       37%        N/A       2%          3
 Passwall                 Tmut/Erth      17%        N/A       3%          2
 Sublimation of Blood     Necr           21%        N/A       3%          2
 Wereblood                Tmut           21%        N/A       3%          2
 Volatile Blastmotes      Fire/Tloc      64%        2d15      3%          3
 Cause Fear               Hex            26%        N/A       3%          4
 Fireball                 Conj/Fire      31%        3d13      3%          5
 Irradiate                Conj/Tmut      31%        3d22      3%          5
 Plasma Beam              Fire/Air       38%        2x1d52    3%          6
 Manifold Assault         Tloc           42%        N/A       6%          4
 Passage of Golubria      Tloc           42%        N/A       6%          4
 Ignite Poison            Fire/Tmut/Pois 21%        N/A       8%          3
 Vampiric Draining        Necr           21%        2d7       8%          3
 Summon Ice Beast         Ice/Summ       40%        N/A       8%          4
 Metabolic Englaciation   Hex/Ice        27%        N/A       8%          5
 Anguish                  Hex/Necr       18%        N/A       9%          4
 Leda's Liquefaction      Hex/Erth       18%        N/A       9%          4
 Leda's Unmaking          Conj/Erth      31%        9d6       17%         6
 Starburst                Conj/Fire      31%        6d10      17%         6
 Animate Dead             Necr           21%        N/A       24%         4
 Olgreb's Toxic Radiance  Pois           21%        N/A       24%         4
 Petrify                  Tmut/Erth      21%        N/A       24%         4
 Summon Mana Viper        Hex/Summ       37%        N/A       24%         5
 Yara's Violent Unravell  Hex/Tmut       18%        3d9       24%         5
 Summon Forest            Summ/Tloc      16%        N/A       34%         5
 Agony                    Necr           21%        N/A       56%         5
 Alistair's Intoxication  Tmut/Pois      14%        N/A       56%         5
 Borgnjor's Vile Clutch   Necr/Erth      10%        N/A       56%         5
 Lee's Rapid Deconstruct  Erth           10%        3d8*      56%         5
 Spellforged Servitor     Conj/Summ      31%        N/A       67%         7
 Dispersal                Tloc           21%        N/A       69%         6
 Simulacrum               Ice/Necr       20%        N/A       75%         6
 Enfeeble                 Hex            26%        N/A       95%         7
 Death Channel            Necr           10%        N/A       98%         6
 Eringya's Noxious Bog    Tmut/Pois      10%        4d6       98%         6
 Malign Gateway           Summ/Tloc      16%        N/A       100%        7
 Monstrous Menagerie      Summ           10%        N/A       100%        7
 Summon Hydra             Summ           10%        N/A       100%        7
 Disjunction              Tloc           21%        N/A       100%        8
 Lehudib's Crystal Spear  Conj/Erth      31%        10d8      100%        8
 Summon Horrible Things   Summ           10%        N/A       100%        8
 Chain Lightning          Conj/Air       49%        3d65      71%         9
 Dragon's Call            Summ           10%        N/A       100%        9
 Fire Storm               Conj/Fire      31%        8d8       100%        9
 Polar Vortex             Ice            28%        12d3*     100%        9
 Shatter                  Erth           10%        3d12*     100%        9


Dungeon Overview and Level Annotations

Branches:
Dungeon (15/15)            Temple (1/1) D:6            Lair (5/5) D:8
  Swamp (4/4) Lair:3       Spider (4/4) Lair:3        Slime (0/5) Lair:5
    Orc (2/2) D:12            Elf (3/3) Orc:2        Vaults (4/5) D:14
  Crypt (0/3) Vaults:2     Depths (1/4) D:15          IceCv (visited)
Volcano (visited)         Gauntlet (visited)

Altars:
Ashenzari
Cheibriados
Dithmenos
Elyvilon
Gozag
Hepliaklqana
Kikubaaqudgha
Makhleb
Nemelex Xobeh
Okawaru
Ru
Sif Muna
Trog
Uskayaw
Vehumet
Wu Jian
Xom
Yredelemnul
Zin
The Shining One

Shops:
D:6 !   Orc:1 *   Orc:2 ?*((*   Elf:1 *   Elf:2 ((((

Annotations:
D:7 2 transporters, reriks's ghost, novice TrFi
Lair:3 exclusion: downstairs
Spider:4 Arachne
Vaults:4 Asterion


Innate Abilities, Weirdness & Mutations

You can breathe waves of freezing cold which knock back foes.
Your icy white scales are hard. (AC +11)
You cannot fit into any form of body armour.
Your flesh is cold resistant. (rC+)
You are cold-blooded and may be slowed by cold attacks.
You have sharp fingernails.
You have large cloven feet.
You are strong-willed. (Will+)


Message History

A +1 spectral demon blade comes into view.
The electricity discharges through the green death!!!!
The green death vaporises in an electric haze!
You kill the green death!
The green death disappears in a puff of smoke!
As you read the scroll of teleportation, it crumbles to dust.
You feel strangely unstable.
You block the +1 spectral demon blade's attack.
The +1 spectral demon blade completely misses you.
Asterion closely misses you.
You block the +1 spectral demon blade's attack.
Asterion gores you but does no damage.
You block the +1 spectral demon blade's attack.
You puncture Asterion! You drain Asterion. Asterion blocks your attack.
Asterion is lightly wounded.
The +1 spectral demon blade hits you!
* * * LOW HITPOINT WARNING * * *
Asterion closely misses you.
The +1 spectral demon blade closely misses you.
You block Asterion's attack.
You hit Asterion.
Asterion is lightly wounded.
You block the +1 spectral demon blade's attack.
Asterion misses you. The +1 spectral demon blade hits you!
* * * LOW HITPOINT WARNING * * *
You block Asterion's attack. Asterion blocks your attack. x2
Asterion is lightly wounded.
The +1 spectral demon blade hits you but does no damage.
Asterion misses you. The +1 spectral demon blade hits you!
* * * LOW HITPOINT WARNING * * *
Asterion closely misses you.
You feel better. The +1 spectral demon blade hits you!
* * * LOW HITPOINT WARNING * * *
Asterion misses you.
The +1 spectral demon blade hits you but does no damage.
You block Asterion's attack.
You block the +1 spectral demon blade's attack.
Asterion hits you with a +1 spectral demon blade!!
You die...

.# #.....#...'.##'# ##
#.....#...#..... ...
#...(.#####..... .>...
###.....#......### .....#
##.#..[..#.##+#.#.. ......##
##..#.....#.#..#.#..
......###...#.....#.#..#)#..
#.....#....#.....#.#..#)#..
#........@HV....#.####)+..
#.......(#.....#...<.)###
##.......#.....#....)[..^
##.......##.....#....#'###
##.......###....^##+###....
##.......## #.....#....#....
#.......## #.....#....#....
#+####### #.....#....#....
#....#....


You could see Asterion (fast, drained), a vampire knight and a +1 spectral demon
blade.

Vanquished Creatures
  Mara (Elf:3)
  Margery (Vaults:2)
  Rupert (Orc:2)
  A lich (IceCv)
  A deep elf blademaster (Elf:3)
  Frances (D:12)
  3 sphinxes (Vaults:3)
  2 thorn hunters
  3 tengu reavers
  The ghost of Xonepos the Protected, an adept MiFi of Yredelemnul (Swamp:3)
  2 fenstrider witches
  A fire giant (Vaults:1)
  3 deep elf sorcerers
  13 vault wardens
  4 emperor scorpions
  2 ghost moths (Spider:4)
  An orc warlord (Vaults:2)
  A broodmother (Spider:2)
  4 deep elf elementalists (Elf:3)
  12 ironbound preservers
  The ghost of Etrocim the Warrior, a journeyman KoDe of Hepliaklqana (D:13)
  A stone giant (Vaults:1)
  6 ironbound thunderhulks
  2 very ugly things (IceCv)
  7 war gargoyles
  2 formless jellyfish
  3 eleionomae
  8 deep elf annihilators (Elf:3)
  3 deep elf demonologists (Elf:3)
  A spark wasp (Spider:2)
  10 dire elephants
  A minotaur (Gauntlet)
  A red draconian (Volcano)
  2 ettins (Vaults:1)
  5 bunyips
  An eidolon (Vaults:1)
  4 deep elf death magi
  5 crystal guardians
  3 entropy weavers
  A shambling mangrove (Swamp:2)
  An entropy weaver (shapeshifter) (Elf:1)
  3 deep elf high priests (Elf:3)
  12 yaktaur captains
  3 great orbs of eyes
  2 rakshasas
  10 vault guards
  3 caustic shrike simulacra (IceCv)
  26 hydras
  8 jorogumos
  6 ironbound frosthearts
  A merfolk avatar (Lair:5)
  3 ogre magi
  A spriggan air mage (D:15)
  9 peacekeepers
  8 boulder beetles
  11 centaur warriors
  2 catoblepae (Lair:4)
  6 alligators
  A radroach (Spider:3)
  6 ghost crabs
  30 dancing weapons
  A death knight (Vaults:2)
  12 two-headed ogres
  12 death yaks
  5 orc high priests (Orc:2)
  7 demonic crawlers
  2 death scarabs (Gauntlet)
  2 tengu warriors
  3 hell knights (Vaults:2)
  4 deep troll earth magi
  A vampire mage (Vaults:2)
  16 deep elf knights
  A skyshark (Lair:3)
  2 skeletal warriors
  A spectral catoblepas (Lair:3)
  4 sun moths (Spider:4)
  4 goliath frogs
  4 pharaoh ants
  6 spriggan druids
  A glowing orange brain (Vaults:3)
  31 deep trolls
  2 sea snakes (Lair:5)
  8 deep elf archers
  6 steelbarb worms
  9 orb spiders
  2 bog bodies (IceCv)
  2 spriggan simulacra (IceCv)
  An obsidian statue (IceCv)
  A spectral hydra (Gauntlet)
  13 swamp dragons
  9 wizards
  10 harpies
  23 deep elf zephyrmancers
  A phantasmal warrior (Vaults:1)
  A tengu zombie (Vaults:2)
  10 necromancers
  25 wolf spiders
  17 ironbound convokers
  22 deep elf pyromancers
  10 orc knights
  3 will-o-the-wisps
  25 ugly things
  16 lindwurms
  2 wolf spider zombies (D:14)
  3 orc sorcerers
  3 cyclopes
  10 elephants
  A worldbinder (Gauntlet)
  A human skeleton (Vaults:2)
  6 moths of wrath
  9 manticores
  20 vault sentinels
  A water nymph (shapeshifter) (Elf:3)
  A rust devil (D:9)
  2 centaur skeletons (D:15)
  5 centaur zombies
  7 black mambas
  An orange demon (D:9)
  14 cane toads
  A smoke demon (D:9)
  6 torpor snails
  19 yaktaurs
  15 komodo dragons
  2 kobold demonologists
  2 rime drakes
  2 efreet
  A golden dragon simulacrum (IceCv)
  2 ice devils (D:9)
  2 anaconda simulacra (IceCv)
  15 freezing wraiths (IceCv)
  2 hellwings (D:9)
  7 polar bears
  7 tyrant leeches
  3 meliai (Spider:4)
  A wind drake (Lair:5)
  22 tarantellas
  2 polar bears (shapeshifter)
  2 bloated husks
  7 trolls
  Prince Ribbit (D:6)
  8 blink frogs
  5 dream sheep (Lair:5)
  11 hornets
  A meliai zombie (D:14)
  Sigmund (D:5)
  33 culicivoras
  24 jumping spiders
  43 slime creatures
  9 spriggans
  4 shadows
  2 air elementals
  4 wraiths
  4 dire elephant simulacra (IceCv)
  An elf skeleton (Vaults:2)
  3 water elementals
  2 wyverns (Lair:5)
  A fire elemental (Elf:2)
  43 yaks
  A basilisk (shapeshifter) (D:15)
  4 spectral komodo dragons
  2 vampires
  2 minotaur simulacra (IceCv)
  A chaos spawn (D:9)
  10 vampire mosquitoes
  3 basilisks
  5 steam dragons
  60 redbacks
  4 harpy simulacra (IceCv)
  A spectral cane toad (Lair:3)
  A warg (Orc:2)
  19 swamp worms
  16 water moccasins
  Duvessa (D:5)
  An acid dragon (D:12)
  A spectral blink frog (Lair:3)
  3 ice beasts (D:8)
  37 orc warriors
  5 swamp drakes
  11 boggarts
  2 sky beasts
  2 ettin simulacra (IceCv)
  4 alligator simulacra (IceCv)
  2 black bears
  8 ogres
  8 centaurs
  28 wolves
  A phantom (D:5)
  2 kobold brigands
  12 bullfrogs
  3 gnoll sergeants
  2 earth elementals
  3 scorpions
  2 human simulacra (Vaults:2)
  2 deep troll simulacra (IceCv)
  6 wights
  Dowan (D:5)
  2 lindwurm simulacra (IceCv)
  3 quasits
  27 orc priests
  2 jellies
  4 hounds
  A gnoll bouda (D:8)
  2 sleepcaps
  2 boggart zombies (D:14)
  2 iguanas
  18 orc wizards
  Natasha (twice) (D:3)
  5 hell rats (Lair:3)
  Robin (D:3)
  18 gnolls
  9 adders
  A shadow imp (D:6)
  A white imp (D:7)
  4 ufetubi
  2 worms (D:2)
  5 dart slugs
  74 orcs
  7 endoplasms
  4 giant cockroaches
  13 goblins
  6 hobgoblins
  4 jackals
  A quokka (D:3)
  6 ball pythons
  5 bats
  2 frilled lizards (D:1)
  14 kobolds
  7 rats
1548 creatures vanquished.

Vanquished Creatures (collateral kills)
  A rime drake (Lair:1)
1 creature vanquished.

Vanquished Creatures (others)
  A two-headed ogre (Volcano)
  A deep elf knight (Elf:3)
  A deep elf pyromancer (Elf:3)
  A tyrant leech (Swamp:1)
  An orc wizard (Orc:1)
  6 foxfires (Swamp:4)
  79 fulminant prisms
90 creatures vanquished.

Grand Total: 1639 creatures vanquished

Notes
Turn   | Place    | Note
-------+----------+-------------------------------------------
     0 | D:1      | Shard1697 the Draconian Conjurer began the quest for the
                  | Orb.
     0 | D:1      | Reached XP level 1. HP: 14/14 MP: 3/3
   338 | D:1      | Reached XP level 2. HP: 20/20 MP: 3/5
   341 | D:1      | Learned a level 2 spell: Searing Ray
  1025 | D:2      | Found an ornate altar of the Wu Jian Council.
  1051 | D:2      | Reached XP level 3. HP: 26/26 MP: 0/7
  1344 | D:2      | Learned a level 2 spell: Static Discharge
  1461 | D:2      | Reached XP level 4. HP: 33/33 MP: 5/8
  1887 | D:2      | Reached skill level 5 in Conjurations
  2177 | D:3      | Noticed Natasha
  2182 | D:3      | Reached skill level 1 in Air Magic
  2186 | D:3      | Killed Natasha
  2302 | D:3      | Found a faded altar of an unknown god.
  2321 | D:3      | Found a shadowy altar of Dithmenos.
  2321 | D:3      | Found a basalt altar of Yredelemnul.
  2321 | D:3      | Found the +3 pair of seven-league boots {Rampage+∞}
  2326 | D:3      | Found a shimmering altar of Xom.
  2331 | D:3      | Found an opulent altar of Gozag.
  2333 | D:3      | Found an ancient bone altar of Kikubaaqudgha.
  2336 | D:3      | Found a glowing silver altar of Zin.
  2339 | D:3      | Found a glowing golden altar of the Shining One.
  2402 | D:3      | Noticed Natasha
  2406 | D:3      | Killed Natasha
  2407 | D:3      | Reached XP level 5. HP: 38/38 MP: 4/10
  2413 | D:3      | Learned a level 4 spell: Fulminant Prism
  2624 | D:3      | Noticed Robin
  2630 | D:3      | Killed Robin
  2832 | D:3      | Found a hazy altar of Hepliaklqana.
  3215 | D:4      | Reached skill level 1 in Hexes
  3333 | D:4      | Identified the -1 pair of gloves of the Raven {Str+6 Int+5}
  3475 | D:4      | Reached XP level 6. HP: 45/45 MP: 11/11
  4247 | D:5      | Entered Level 5 of the Dungeon
  4430 | D:5      | Your scales start taking on an icy white colour.
  4430 | D:5      | Reached XP level 7. HP: 50/50 MP: 13/13
  4430 | D:5      | Gained mutation: Your flesh is cold resistant. (rC+) [White
                  | Draconian growth]
  4445 | D:5      | Learned a level 4 spell: Airstrike
  4492 | D:5      | Noticed Duvessa
  4516 | D:5      | Killed Duvessa
  4746 | D:5      | Noticed Sigmund
  4754 | D:5      | Killed Sigmund
  5027 | D:5      | Noticed Dowan
  5035 | D:5      | Killed Dowan
  5036 | D:5      | Reached XP level 8. HP: 50/57 MP: 12/14
  5671 | D:6      | Reached skill level 1 in Fighting
  5671 | D:6      | Reached skill level 2 in Air Magic
  5947 | D:6      | Found Hubbael's Distillery.
  5963 | D:6      | Bought a potion of magic for 112 gold pieces
  5963 | D:6      | Bought a potion of might for 56 gold pieces
  5963 | D:6      | Bought a potion of lignification for 42 gold pieces
  5963 | D:6      | Bought a potion of brilliance for 56 gold pieces
  6010 | D:6      | Noticed Prince Ribbit
  6021 | D:6      | Killed Prince Ribbit
  6022 | D:6      | Reached skill level 3 in Air Magic
  6178 | D:6      | Found a staircase to the Ecumenical Temple.
  6195 | Temple   | Entered the Ecumenical Temple
  6208 | Temple   | Became a worshipper of Sif Muna the Loreminder
  6525 | D:6      | Reached skill level 4 in Air Magic
  6525 | D:6      | Reached XP level 9. HP: 71/71 MP: 15/15
  7557 | D:7      | Found a transporter.
  7837 | D:8      | Reached skill level 5 in Air Magic
  7844 | D:8      | Noticed a rime drake
  7849 | D:8      | Killed a rime drake
  7867 | D:9      | Noticed a purple ugly thing
  7878 | D:9      | Noticed an ice devil
  7878 | D:9      | Noticed an orange demon
  8012 | D:8      | Reached skill level 5 in Fighting
  8161 | D:8      | Reached skill level 6 in Air Magic
  8162 | D:8      | Reached * piety under Sif Muna
  8554 | D:7      | Got the Atlas of Fluctuating Breath
  8569 | D:7      | Reached skill level 5 in Spellcasting
  8688 | D:7      | Found a transporter.
  8688 | D:7      | Noticed reriks's ghost (novice TrFi)
  8694 | D:7      | Identified the +1 leather armour "Ekewul" {+Blink rF+ MP+9
                  | Int-2}
  8783 | D:7      | Learned a level 5 spell: Arcjolt
  9137 | D:8      | Found a staircase to the Lair.
  9214 | D:8      | Reached skill level 10 in Conjurations
  9214 | D:8      | Reached XP level 10. HP: 15/81 MP: 10/17
  9771 | D:9      | Noticed a rust devil
  9775 | D:9      | Reached skill level 1 in Invocations
  9780 | D:9      | Killed a rust devil
 10003 | D:9      | Killed a purple ugly thing
 10174 | D:9      | Noticed a smoke demon
 10177 | D:9      | Killed a smoke demon
 10194 | D:9      | Reached ** piety under Sif Muna
 10855 | D:10     | Entered Level 10 of the Dungeon
 10909 | D:9      | Killed an orange demon
 10910 | D:9      | Reached skill level 5 in Invocations
 10910 | D:9      | Reached XP level 11. HP: 94/94 MP: 11/18
 11345 | D:10     | Reached skill level 5 in Dodging
 11511 | D:10     | Reached skill level 1 in Polearms
 12271 | D:11     | Noticed a boulder beetle
 12293 | D:11     | Killed a boulder beetle
 12837 | D:11     | Noticed a two-headed ogre
 12877 | D:11     | Noticed a soul eater
 13253 | D:11     | Noticed a two-headed ogre
 13342 | Lair:1   | Entered Level 1 of the Lair of Beasts
 13348 | Lair:1   | Reached skill level 5 in Polearms
 13361 | Lair:1   | Noticed a death yak
 13370 | Lair:1   | Reached *** piety under Sif Muna
 13380 | Lair:1   | Killed a death yak
 13574 | Lair:1   | Got the Verses on Bewitching Accompaniment
 13781 | Lair:1   | Reached XP level 12. HP: 102/102 MP: 19/19
 15071 | Lair:2   | Learned a level 5 spell: Freezing Cloud
 15108 | Lair:2   | Reached skill level 1 in Ice Magic
 15134 | Lair:2   | Found a gate leading to a gauntlet.
 15144 | Gauntlet | Entered a Gauntlet
 15144 | Gauntlet | Found a transporter.
 15144 | Gauntlet | Found a transporter.
 15144 | Gauntlet | Found a transporter.
 15145 | Gauntlet | Found a transporter.
 15147 | Gauntlet | Found a transporter.
 15149 | Gauntlet | Found a transporter.
 15156 | Gauntlet | Found a transporter.
 15157 | Gauntlet | Found a transporter.
 15158 | Gauntlet | Found a transporter.
 15160 | Gauntlet | Found a transporter.
 15161 | Gauntlet | Noticed a death scarab
 15163 | Gauntlet | Noticed a death scarab
 15167 | Gauntlet | Noticed a reaper
 15169 | Gauntlet | Found a transporter.
 15169 | Gauntlet | Found a transporter.
 15235 | Gauntlet | Noticed a merfolk aquamancer
 15239 | Gauntlet | Reached **** piety under Sif Muna
 15240 | Gauntlet | Reached skill level 7 in Air Magic
 15310 | Gauntlet | Killed a death scarab
 15310 | Gauntlet | Killed a death scarab
 15458 | Gauntlet | Identified the +2 cloak of Puhuogisya {+Blink rCorr}
 15509 | Gauntlet | Noticed a minotaur
 15519 | Gauntlet | Killed a minotaur
 15938 | Lair:2   | Reached skill level 8 in Air Magic
 16009 | Lair:2   | Noticed a death yak
 16011 | Lair:2   | Noticed a death yak
 16013 | Lair:2   | Noticed a death yak
 16015 | Lair:2   | Noticed a death yak
 16017 | Lair:2   | Killed a death yak
 16018 | Lair:2   | Reached skill level 5 in Ice Magic
 16018 | Lair:2   | Killed a death yak
 16020 | Lair:2   | Killed a death yak
 16021 | Lair:2   | Killed a death yak
 16584 | Lair:3   | Reached XP level 13. HP: 98/108 MP: 22/22
 16967 | Lair:3   | Found a dark tunnel.
 16993 | Volcano  | Entered a volcano
 17022 | Volcano  | Found a bloodstained altar of Trog.
 17178 | Volcano  | Noticed a red draconian
 17185 | Volcano  | Killed a red draconian
 17671 | Lair:3   | Reached skill level 10 in Fighting
 17946 | Lair:3   | Reached ***** piety under Sif Muna
 18149 | Lair:3   | Found a hole to the Spider Nest.
 18200 | Lair:3   | Found a staircase to the Swamp.
 19457 | Lair:4   | Reached skill level 5 in Stealth
 19466 | Lair:4   | Received a gift from Sif Muna
 19493 | Lair:4   | Got Sif Muna's Papyrus of Arcane Weapons {god gift}
 19748 | Lair:4   | Reached XP level 14. HP: 61/121 MP: 21/23
 20294 | Lair:5   | Entered Level 5 of the Lair of Beasts
 20393 | Lair:5   | Found a staircase to the Slime Pits.
 20456 | Lair:5   | Reached skill level 10 in Polearms
 22231 | Lair:5   | Reached skill level 10 in Stealth
 22308 | Lair:5   | Identified the +0 dagger "Demon's Death" {protect, rC+
                  | rCorr}
 22867 | D:11     | Noticed a frost giant
 22914 | D:12     | Found a staircase to the Orcish Mines.
 22931 | D:12     | Received a gift from Sif Muna
 22952 | D:12     | Got Sif Muna's Quarto of the Tesseract and the Squall {god
                  | gift}
 23540 | D:12     | Learned a level 2 spell: Blink
 23634 | D:12     | Identified a scroll of acquirement
 23635 | D:12     | Acquired the ring "Qahoarr" {rF+ Int+3 Dex+2}
 23983 | D:12     | Noticed Frances
 24019 | D:12     | Killed Frances
 24020 | D:12     | Reached skill level 1 in Translocations
 24431 | D:13     | Reached XP level 15. HP: 100/126 MP: 25/25
 24925 | D:13     | Reached skill level 9 in Air Magic
 25091 | D:13     | Found a runed translucent door.
 25091 | D:13     | Noticed Etrocim's ghost (journeyman KoDe)
 25116 | D:13     | Killed Etrocim's ghost
 25818 | D:14     | Reached skill level 10 in Dodging
 25992 | D:14     | Found a gate to the Vaults.
 26813 | D:14     | Found an ornate altar of the Wu Jian Council.
 26842 | D:14     | Found a burning altar of Makhleb.
 27000 | D:15     | Entered Level 15 of the Dungeon
 27021 | D:15     | Received a gift from Sif Muna
 27022 | D:15     | Reached skill level 10 in Air Magic
 27125 | D:15     | Got Sif Muna's Handbook of the Tempest {god gift}
 27186 | D:15     | Paralysed by an ogre mage for 4 turns
 27894 | D:15     | Found a staircase to the Depths.
 28187 | Orc:1    | Entered Level 1 of the Orcish Mines
 28500 | Orc:1    | Found Hulomiuwn's General Store.
 28757 | Orc:2    | Entered Level 2 of the Orcish Mines
 28767 | Orc:2    | Found an iron altar of Okawaru.
 28797 | Orc:2    | Found a staircase to the Elven Halls.
 28833 | Orc:2    | Noticed Rupert
 28876 | Orc:2    | Killed Rupert
 28877 | Orc:2    | Reached XP level 16. HP: 134/134 MP: 12/28
 29005 | Orc:2    | Found Lyijio's Magic Scroll Emporium.
 29116 | Orc:2    | Bought a scroll of enchant weapon for 120 gold pieces
 29116 | Orc:2    | Bought a scroll of blinking for 120 gold pieces
 29116 | Orc:2    | Bought a scroll of revelation for 120 gold pieces
 29116 | Orc:2    | Bought a scroll of teleportation for 48 gold pieces
 29337 | Orc:2    | Received a gift from Sif Muna
 29338 | Orc:2    | Got Sif Muna's Disquisition on Kinetic Orientation {god
                  | gift}
 29379 | Orc:2    | Reached skill level 11 in Air Magic
 29465 | Orc:2    | Learned a level 7 spell: Orb of Destruction
 29467 | Orc:2    | Found Fuodoem's Antique Weapon Emporium.
 29467 | Orc:2    | Found Viump's General Store.
 29468 | Orc:2    | Found Potaarid's General Store.
 29468 | Orc:2    | Found Yxivuir's Weapon Shoppe.
 29858 | Swamp:1  | Entered Level 1 of the Swamp
 31335 | Swamp:2  | Noticed a thorn hunter
 31812 | Swamp:2  | Killed a thorn hunter
 32636 | Swamp:3  | Reached skill level 10 in Spellcasting
 32888 | Swamp:3  | Found a runed translucent gate.
 32906 | Swamp:3  | Found a runed translucent gate.
 32906 | Swamp:3  | Found a runed translucent gate.
 32910 | Swamp:3  | Noticed Xonepos's ghost (adept MiFi)
 33030 | Swamp:3  | Received a gift from Sif Muna
 33410 | Swamp:3  | Killed Xonepos's ghost
 33792 | Swamp:3  | Identified the +7 long sword "Denk" {protect, rC++ Will+}
 33819 | Swamp:4  | Entered Level 4 of the Swamp
 34344 | Swamp:4  | Found the crystal ball of Wucad Mu {*channel}
 34458 | Swamp:4  | Reached XP level 17. HP: 15/140 MP: 16/31
 36623 | Swamp:4  | Got a decaying rune of Zot
 36727 | Swamp:4  | Reached skill level 15 in Conjurations
 36752 | Swamp:4  | Received a gift from Sif Muna
 36858 | Spider:1 | Entered Level 1 of the Spider Nest
 37860 | Spider:1 | Learned a level 8 spell: Maxwell's Capacitive Coupling
 38681 | Spider:2 | Reached skill level 12 in Air Magic
 39043 | Spider:2 | Received a gift from Sif Muna
 39047 | Spider:2 | Got Coulix's Textbook on the Oath and Blasting {god gift}
 39535 | Spider:2 | Paralysed by a jorogumo for 3 turns
 39706 | Spider:2 | Reached skill level 13 in Air Magic
 40756 | Spider:3 | Received a gift from Sif Muna
 40759 | Spider:3 | Reached XP level 18. HP: 147/147 MP: 30/34
 40761 | Spider:3 | Got Sif Muna's Parchment of Befouled Refrigeration {god
                  | gift}
 41926 | Spider:3 | Reached skill level 10 in Invocations
 42086 | Spider:4 | Entered Level 4 of the Spider Nest
 42161 | Spider:4 | Reached skill level 14 in Air Magic
 42263 | Spider:4 | Found a frozen archway.
 42272 | IceCv    | Entered an ice cave
 42953 | IceCv    | Noticed a lich
 42958 | IceCv    | Received a gift from Sif Muna
 42964 | IceCv    | Killed a lich
 42965 | IceCv    | Got Xiujy's Vellum of Liminal Ill Luck {god gift}
 43253 | IceCv    | Found the +4 skin of Zhor {*Englaciate rC+++ SInv}
 43643 | IceCv    | Found an ancient bone altar of Kikubaaqudgha.
 43807 | IceCv    | Got the Codex of the Serac
 44541 | Spider:4 | Reached ****** piety under Sif Muna
 44759 | Spider:4 | Reached skill level 15 in Air Magic
 44861 | Spider:4 | Received a gift from Sif Muna
 44870 | Spider:4 | Learned a level 5 spell: Iskenderun's Battlesphere
 45218 | Spider:4 | Noticed Arachne
 46656 | Spider:4 | Got a gossamer rune of Zot
 47055 | Vaults:1 | Entered Level 1 of the Vaults
 47792 | Depths:1 | Entered Level 1 of the Depths
 48231 | Elf:1    | Entered Level 1 of the Elven Halls
 48234 | Elf:1    | Paralysed by an air elemental for 1 turns
 48720 | Elf:1    | Reached skill level 16 in Air Magic
 48732 | Elf:1    | Found Assovvar's Assorted Antiques.
 48803 | Elf:1    | Bought a scroll of blinking for 180 gold pieces
 48803 | Elf:1    | Bought a potion of curing for 72 gold pieces
 48932 | Elf:1    | Reached XP level 19. HP: 126/154 MP: 30/35
 49097 | Elf:1    | Received a gift from Sif Muna
 49100 | Elf:1    | Got Ybaq's Precepts of Summoned Injury {god gift}
 50188 | Elf:2    | Found Jeob's Antique Weapon Boutique.
 50195 | Elf:2    | Paralysed by an air elemental for 1 turns
 50202 | Elf:2    | Paralysed by an air elemental for 1 turns
 50325 | Elf:2    | Found Gotoekh's Antique Weapon Shop.
 50363 | Elf:2    | Reached skill level 17 in Air Magic
 50470 | Elf:2    | Found Vahuikec's Weapon Emporium.
 50650 | Elf:2    | Found a runed translucent gate.
 50650 | Elf:2    | Found a runed translucent gate.
 50650 | Elf:2    | Found a runed translucent gate.
 50694 | Elf:2    | Found Bittul's Weapon Boutique.
 51383 | Elf:2    | Reached skill level 18 in Air Magic
 51713 | Elf:3    | Entered Level 3 of the Elven Halls
 51779 | Elf:3    | Found a flickering gateway to a bazaar.
 51790 | Bazaar   | Entered a bazaar
 51858 | Bazaar   | Found Adghi's Antique Weapon Emporium.
 51871 | Bazaar   | Found Zusaq's Antique Weapon Shoppe.
 51888 | Bazaar   | Found Polluloe's Antique Armour Shoppe.
 51899 | Bazaar   | Found Cusughont's Antique Armour Emporium.
 52028 | Elf:3    | Noticed Mara
 52039 | Elf:3    | Noticed Shard1697's illusion
 52044 | Elf:3    | Killed Mara
 52580 | Elf:3    | Gained mutation: You occasionally lose the ability to read
                  | scrolls when taking damage. [a shining eye]
 52586 | Elf:3    | Lost mutation: You occasionally lose the ability to read
                  | scrolls when taking damage. [potion of mutation]
 52586 | Elf:3    | Gained mutation: You have sharp fingernails. [potion of
                  | mutation]
 52586 | Elf:3    | Gained mutation: You have large cloven feet. [potion of
                  | mutation]
 52586 | Elf:3    | Gained mutation: You are strong-willed. (Will+) [potion of
                  | mutation]
 53140 | Elf:3    | Reached skill level 19 in Air Magic
 53885 | Elf:3    | Received a gift from Sif Muna
 54210 | Elf:3    | Identified the amulet "Saen" {RegenMP Regen+ Dex-5 Stlth+}
 54243 | Elf:3    | Identified the staff "Asy Bik" {Contam rElec Int+6 Fire
                  | Air}
 54702 | Vaults:1 | Reached skill level 20 in Air Magic
 54814 | Vaults:1 | Reached XP level 20. HP: 158/159 MP: 36/36
 55141 | Vaults:1 | Found a huge runed gate.
 55141 | Vaults:1 | Found a huge runed gate.
 55141 | Vaults:1 | Found a huge runed gate.
 55141 | Vaults:1 | Found a huge runed gate.
 55141 | Vaults:1 | Found a huge runed gate.
 55141 | Vaults:1 | Found a huge runed gate.
 55142 | Vaults:1 | Found a huge runed gate.
 55142 | Vaults:1 | Found a huge runed gate.
 55142 | Vaults:1 | Found a huge runed gate.
 55142 | Vaults:1 | Found a huge runed gate.
 55142 | Vaults:1 | Found a huge runed gate.
 55143 | Vaults:1 | Found a huge runed gate.
 55144 | Vaults:1 | Found a huge runed gate.
 55145 | Vaults:1 | Found a huge runed gate.
 55153 | Vaults:1 | Found a huge runed gate.
 55153 | Vaults:1 | Found a huge runed gate.
 55153 | Vaults:1 | Found a huge runed gate.
 55153 | Vaults:1 | Found a huge runed gate.
 55153 | Vaults:1 | Found a huge runed gate.
 55153 | Vaults:1 | Found a huge runed gate.
 55154 | Vaults:1 | Found a huge runed gate.
 55205 | Vaults:1 | Found a huge runed gate.
 55206 | Vaults:1 | Found a huge runed gate.
 55210 | Vaults:1 | Found a huge runed gate.
 55210 | Vaults:1 | Found a huge runed gate.
 55210 | Vaults:1 | Found a huge runed gate.
 55210 | Vaults:1 | Found a huge runed gate.
 55210 | Vaults:1 | Found a huge runed gate.
 55210 | Vaults:1 | Found a huge runed gate.
 55275 | Vaults:1 | Identified the ring of Moderation {Fly rN+ Str+5 Dex+3}
 55354 | Vaults:1 | Paralysed by a formless jellyfish for 1 turns
 55552 | Vaults:1 | Reached skill level 21 in Air Magic
 56389 | Vaults:2 | Reached skill level 22 in Air Magic
 56547 | Vaults:2 | Noticed Margery
 56588 | Vaults:2 | Killed Margery
 57117 | Vaults:2 | Received a gift from Sif Muna
 57880 | Vaults:2 | Found a staircase to the Crypt.
 58185 | Vaults:3 | Paralysed by a formless jellyfish for 1 turns
 58323 | Vaults:3 | Reached skill level 1 in Shields
 58947 | Vaults:3 | Reached XP level 21. HP: 118/169 MP: 26/37
 59743 | Vaults:3 | Reached skill level 5 in Shields
 60078 | Vaults:3 | Received a gift from Sif Muna
 62149 | Vaults:4 | Identified the +0 spear of Otui {freeze, rPois rC+}
 63285 | Vaults:4 | Noticed Asterion
 63311 | Vaults:4 | Slain by Asterion

Illustrated notes

Levels and vault maps discovered:
D:1:      minmay_arrival_nine_rooms, layout_loops_ring
D:2:      layout_rooms, basic_altar, minmay_misc_feat_roman, minivault_4,
          minmay_close_crescents
D:3:      layout_loops_ring, lemuel_crystal_altar,
          nicolae_overflow_hallway_of_the_gods,
          shapermc_ecumenical_altar_mp_vishouse, hex_tiny,
          kennysheep_generic_room_12, uniq_robin, uniq_natasha
D:4:      layout_basic, kennysheep_small_spiral
D:5:      layout_cave_pods, uniq_sigmund, uniq_duvessa
D:6:      layout_loops_ring, minmay_temple_entry_ruins, serial_shops, shop,
          serial_co_window_serial, co_window_of_opportunity_a,
          co_window_cross_1, co_window_corner_a, co_window_of_opportunity_a,
          co_window_of_opportunity_a, co_window_unsneaky_path_d,
          co_window_corner_b, co_window_unsneaky_path_d, co_window_corner_b,
          co_window_of_opportunity_b, co_window_unsneaky_path_d,
          co_window_broadway_c, glass_columns_c, glass_columns_c,
          glass_columns_a, minmay_manual_mail, uniq_prince_ribbit1
D:7:      layout_loops_corners, gammafunk_ghost_hive,
          minmay_misc_feat_more_columns
D:8:      layout_rooms, hellmonk_lair_entry_icy
D:9:      layout_grid_maze, serial_demonic, serial_demonic_f, serial_demonic_d,
          serial_demonic_c, serial_demonic_d
D:10:     layout_cave_pools, serial_rivers, chequers_serial_rivers_small_b,
          chequers_serial_rivers_micro_b, chequers_serial_rivers_micro_b,
          chequers_serial_rivers_marsh, nrook_loot_triangle
D:11:     layout_loops_corners, evilmike_minifort
D:12:     layout_rooms, minmay_orc_entry_temple_small, uniq_frances
D:13:     layout_stronghold, gammafunk_ghost_grave
D:14:     layout_roguey, lightli_vaults_fourway_checkpoint, serial_undead,
          serial_undead_e, serial_undead_a, serial_undead_f, serial_undead_d,
          nzn_wu_jian_contemplation, makhleb_altar_promises_db
D:15:     grunt_enter_depths_magical_seal, layout_cave_pools
Temple:   nicolae_temple_ecumenical_triangle
Lair:1:   layout_hall_layers
Lair:2:   layout_misc_corridors, gauntlet_entry_generic, minmay_hedge_maze
Lair:3:   beargit_carnivore_pack, layout_gridlike, nicolae_swamp_entry_spooky,
          dummy_spider_entry, enter_volcano_1, grunt_megastairs_4
Lair:4:   nzn_motion_control, layout_cave_pods
Lair:5:   gammafunk_lair_ancient_temple, layout_regular_city, slime_entry_1,
          infiniplex_staircase_pool
Swamp:1:  layout_falls_marsh, evilmike_swamp_ruin_house_5
Swamp:2:  layout_basic_swamp, hangedman_swamp_ruin_wall
Swamp:3:  layout_basic_swamp, gammafunk_ghost_hydra_chop, hangedman_swamp_pad
Swamp:4:  swamp_alternative, layout_basic_swamp, swamp_pool3, worms_lemuel
Spider:1: layout_spider_delve
Spider:2: nicolae_spider_hilbert_zone_5 [nicolae_spider_hilbert_3_sides_1_open,
          nicolae_spider_hilbert_4_sides_1_open,
          nicolae_spider_hilbert_4_sides_1_open,
          nicolae_spider_hilbert_6_sides_1_open,
          nicolae_spider_hilbert_6_sides_1_open], drop_trap
Spider:3: layout_spider_delve
Spider:4: johnstein_spider_rune_arachne_lair, portal_ice_cave_entry_pillars_2
Orc:1:    layout_caves, serial_shops, nicolae_diamond_shop
Orc:2:    st_orc_pillars, layout_caves, serial_shops, shop,
          okawaru_metal_pillars_1_2, uniq_rupert
Elf:1:    nicolae_elf_arrival_aired_out, layout_loops_cross, serial_shops,
          nicolae_shop_dealshenge, minmay_elf_crystal_heptagon
Elf:2:    nicolae_elf_blades_crystal_corner, layout_onion_city, serial_shops,
          nicolae_shop_real_fake_doors, nicolae_shop_window_shopping,
          nicolae_shop_hallway_stairs, shop, st_stairs_11, uniq_asterion
Elf:3:    minmay_elf_hall_quartered_circle, layout_onion_city, serial_shops,
          bzr_firewalk, hangedman_glass_teeth, uniq_mara
Vaults:1: nicolae_vaults_variable_pillar_hall, door_vault,
          vaults_dpeg_encased_lava, ontoclasm_vaults_gateway,
          nicolae_vaults_little_ls, dpeg_vaults_monster_row,
          nicolae_vaults_tetromino_T_2, nicolae_vaults_offset_grid_hallway_1,
          vaults_standard_mumra_x, nicolae_vaults_network_s,
          nicolae_vaults_tangram_2, nicolae_vaults_surprise_closet,
          layout_vaults_omnibox
Vaults:2: nicolae_vaults_turnstiles, v_misc_12, vaults_standard_mumra_lines,
          nicolae_vaults_security_offices_5, nicolae_vaults_network_square,
          nicolae_vaults_specimen_jars, minmay_crypt_entry_simple_box,
          vaults_room_pools, nicolae_vaults_closet_pinwheel_5,
          vaults_room_door_ring, hangedman_vaults_pinch,
          nicolae_vaults_storage_room_statues, layout_vaults_maze_bifur,
          uniq_margery
Vaults:3: ontoclasm_vaults_bender, v_misc_11, hangedman_vaults_cutoff,
          hangedman_vaults_hat, nicolae_vaults_closet_pinwheel_3,
          nicolae_vaults_shipping_containers_7,
          nicolae_vaults_closet_pinwheel_1, nicolae_vaults_swerve,
          nicolae_vaults_stepped_doors, nicolae_vaults_little_squares_5,
          v_misc_19, layout_vaults_ring, serial_shops, bzr_entry_safe
Vaults:4: ontoclasm_vaults_claustrophobia, grunt_vaults_hallway_short,
          nicolae_vaults_big_angled_halls, v_rooms_1, nicolae_vaults_mitosis,
          grunt_vaults_swirl, hangedman_vaults_stagger,
          nicolae_vaults_closet_pinwheel_4, v_misc_28,
          nicolae_vaults_little_squares_5, nicolae_vaults_tetromino_Z_2,
          vaults_room_pools, sword_in_stone, nicolae_vaults_trapezoid_3,
          layout_vaults_big_cross, serial_shops, shop
Depths:1: nzn_winding_woodlands_stair_cross
          [nzn_winding_woodlands_5x15_concentric,
          nzn_winding_woodlands_center_triple_pond,
          nzn_winding_woodlands_5x15_twine, nzn_winding_woodlands_hourglass,
          nzn_winding_woodlands_5x5_closed_star,
          nzn_winding_woodlands_5x15_cabin,
          nzn_winding_woodlands_center_pierced_h,
          nzn_winding_woodlands_5x15_pathside_ponds], layout_basic, hell_entry,
          nicolae_elyvilon_peaceful_grove, grunt_dithmenos_smoke, uniq_nikola

Skill      XL: |  1  2  3  4  5  6  7  8  9 10 11 12 13 14 15 16 17 18 19 20 21 |
---------------+----------------------------------------------------------------+-----
Spellcasting   | 3 4 5 6 8 10 12 | 12.8
Conjurations   | 5 6 7 8 10 11 13 14 15 | 15.0
Air Magic      | 1 4 6 8 10 11 13 16 20 22 | 22.7
Hexes          | 1 3 4 |  4.9
Fighting       | 3 5 7 8 10 11 | 11.9
Dodging        | 4 5 8 9 10 11 | 11.4
Invocations    | 5 9 13 | 13.1
Polearms       | 6 7 9 11 12 14 | 14.7
Ice Magic      | 5 |  5.8
Stealth        | 6 10 | 10.0
Translocations | 1 3 |  3.2
Shields        | 3 7 |  7.4

Action                     |  1- 3 |  4- 6 |  7- 9 | 10-12 | 13-15 | 16-18 | 19-21 || total
---------------------------+-------+-------+-------+-------+-------+-------+-------++-------
  Melee: Rapier            |    11 |    54 |    97 |       |       |       |       ||   162
         Tailslap          |       |     7 |    10 |    43 |   113 |   150 |   144 ||   467
         Punch             |       |     1 |     2 |       |       |       |       ||     3
         Halberd           |       |       |     8 |   301 |   631 |   952 |    62 ||  1954
         Demon trident     |       |       |       |       |       |       |   640 ||   640
   Cast: Magic Dart        |    45 |    64 |    72 |    32 |    18 |    24 |     8 ||   263
         Searing Ray       |     5 |    18 |    33 |     9 |       |       |       ||    65
         Fulminant Prism   |       |       |    20 |    53 |     7 |       |       ||    80
         Airstrike         |       |       |     4 |    24 |    37 |    85 |   230 ||   380
         Arcjolt           |       |       |     1 |    19 |    49 |   119 |    65 ||   253
         Static Discharge  |       |       |       |    12 |       |     5 |       ||    17
         Freezing Cloud    |       |       |       |    11 |   114 |   198 |    79 ||   402
         Orb of Destructio |       |       |       |       |       |    67 |    34 ||   101
         Blink             |       |       |       |       |       |     3 |     1 ||     4
         Iskenderun's Batt |       |       |       |       |       |     1 |    42 ||    43
         Maxwell's Capacit |       |       |       |       |       |       |    18 ||    18
         Polar Vortex      |       |       |       |       |       |       |     2 ||     2
         Chain Lightning   |       |       |       |       |       |       |     2 ||     2
 Invoke: Channel Magic     |       |       |       |       |       |     1 |     3 ||     4
         Divine Exegesis   |       |       |       |       |       |       |     4 ||     4
Ability: Breathe Frost     |       |       |     1 |       |       |       |       ||     1
  Evoke: Wand              |       |       |     3 |       |       |       |       ||     3
    Use: Scroll            |       |       |    15 |     8 |     7 |    13 |    17 ||    60
         Potion            |       |       |     2 |     7 |     1 |    12 |     8 ||    30
   Stab: Sleeping          |       |     1 |     1 |       |     4 |     6 |     5 ||    17
         Paralysed         |       |       |     5 |       |       |       |       ||     5
         Distracted        |       |       |       |       |       |     2 |     3 ||     5
 Armour: Skin              |     3 |    29 |    98 |   230 |   296 |   552 |   197 ||  1405
  Dodge: Dodged            |     8 |    28 |   154 |   259 |   375 |   690 |   354 ||  1868
  Block: Other             |       |     9 |    61 |    99 |    67 |       |       ||   236
         Reflection        |       |     2 |       |     1 |     1 |       |    17 ||    21
         Orb               |       |       |       |       |       |       |     5 ||     5
         Buckler           |       |       |       |       |       |       |   237 ||   237

Table legend: (Time is in decaauts)
 A = Elapsed time spent in this place.
 B = Non-inter-level travel time spent in this place.
 C = Inter-level travel time spent in this place.
 D = Time resting spent in this place.
 E = Time spent auto-exploring this place.
 F = Levels seen in this place.
 G = Mean time per level.
                   A        B        C        D        E       F      G
               +--------+--------+--------+--------+--------+-----+--------+
         Total |  63456 |  59959 |   3497 |  16515 |  30018 |  43 | 1475.7 |
       Dungeon |  20309 |  18798 |   1511 |   2967 |  12163 |  15 | 1353.9 |
        Temple |     22 |     14 |      8 |      0 |      0 |   1 |   22.0 |
          Lair |   8525 |   7966 |    559 |   1426 |   4680 |   5 | 1705.0 |
         Swamp |   6984 |   6746 |    238 |   2620 |   2837 |   4 | 1746.0 |
   Spider Nest |   8307 |   7842 |    465 |   3122 |   3054 |   4 | 2076.8 |
  Orcish Mines |   1555 |   1457 |     98 |    108 |    724 |   2 |  777.5 |
   Elven Halls |   6070 |   5820 |    250 |   2089 |   2170 |   3 | 2023.3 |
        Vaults |   8949 |   8585 |    364 |   2667 |   4012 |   4 | 2237.2 |
        Depths |     15 |     15 |      0 |      0 |      0 |   1 |   15.0 |
        Bazaar |    124 |    124 |      0 |      0 |    112 |   1 |  124.0 |
      Ice Cave |   1625 |   1625 |      0 |    975 |    212 |   1 | 1625.0 |
       Volcano |    375 |    375 |      0 |    171 |     48 |   1 |  375.0 |
      Gauntlet |    590 |    590 |      0 |    369 |      5 |   1 |  590.0 |
               +--------+--------+--------+--------+--------+-----+--------+

Top non-repeatable levels by time:
Vaults:3: 3175 daAuts
Spider:4: 3052 daAuts
 Swamp:4: 2644 daAuts
   Elf:2: 2249 daAuts
Vaults:2: 2168 daAuts
Spider:3: 2153 daAuts
   Elf:3: 2118 daAuts
     D:9: 2003 daAuts
  Lair:5: 1993 daAuts
  Lair:4: 1884 daAuts
Vaults:4: 1866 daAuts
  Lair:3: 1792 daAuts
 Swamp:3: 1749 daAuts
Vaults:1: 1739 daAuts
   Elf:1: 1703 daAuts
